[Event "Titled Tuesday Blitz August 09 Late 2022"]
[White "Esipenko, Andrey"]
[Black "Hakobyan, Aram"]
[WhiteFideId "24175439"]
[BlackFideId "13306677"]
[WhiteElo "2619"]
[BlackElo "2557"]
[Result "1/2-1/2"]
[Round "09"]
[TimeControl "180+1"]
[Date "2022.08.09"]
[WhiteClock "0:00:02"]
[BlackClock "0:00:06"]

1. e4 c5 2. Nf3 Nc6 3. d4 cxd4 4. Nxd4 Qb6 5. Nb3 Nf6 6. Nc3 e6 7. a3 a6 8. Be3 Qc7 9. f4 d6 10. Qe2 b5 11. g4 Bb7 12. g5 Nd7 13. h4 Nc5 14. Bg2 Be7 15. O-O O-O 16. Rad1 Rfe8 17. Qf2 Nxb3 18. cxb3 Bf8 19. b4 Rac8 20. h5 g6 21. h6 Ne7 22. Bd4 d5 23. Be5 Qc4 24. Rd4 Qb3 25. exd5 exd5 26. Bh3 Rc4 27. Bf6 Nf5 28. Bxf5 gxf5 29. Rfd1 a5 30. Be5 axb4 31. axb4 Qxb4 32. Kh2 Bc5 33. Rxc4 Qxc4 34. Bd4 Bf8 35. Rd2 b4 36. Ne2 b3 37. Ng3 Bb4 38. Nh5 Bxd2 39. Nf6+ Kf8 40. Nxh7+ Ke7 41. Qxd2 Kd6 42. Be5+ Rxe5 43. fxe5+ Ke7 44. Qf2 d4 45. Nf6 Qc1 46. h7 f4 47. Kh3 Bc8+ 48. e6 Bxe6+ 49. Kh2 Qc2 50. Qxc2 bxc2 51. h8=Q c1=Q 52. Qe8+ Kd6 53. Qd8+ Ke5 54. Qb8+ Kf5 55. Qb5+ Kg6 56. Qd3+ Kxg5 57. Ne4+ Kh4 58. Qxd4 Qc2+ 59. Nf2 Qf5 60. b4 Qg5 61. Qh8+ Qh5 62. Qa1 Kg5+ 63. Kg1 Kh6 64. Qh8+ Kg5 65. Ne4+ Kh4 66. Qf6+ Kh3 67. Qxf4 Qg4+ 68. Qxg4+ Kxg4 69. b5 Kf4 70. b6 Bd5 71. Nd6 Ke5 72. Nxf7+ Ke6 73. Nd8+ Kd7 74. Ne6 Kxe6 75. b7 Bxb7 1/2-1/2


[Site "https://www.chess.com"]

[Event "Titled Tuesday Blitz August 09 Late 2022"]
[White "Fishbein, Alexander"]
[Black "Melikhov, Evgeny V."]
[WhiteFideId "2000377"]
[BlackFideId "4122046"]
[WhiteElo "2410"]
[BlackElo "1963"]
[Result "1-0"]
[Round "09"]
[TimeControl "180+1"]
[Date "2022.08.09"]
[WhiteClock "0:00:08"]
[BlackClock "0:00:01"]

1. e4 e5 2. Nf3 Nc6 3. Bb5 a6 4. Ba4 Nf6 5. O-O Nxe4 6. d4 b5 7. Bb3 d5 8. dxe5 Be6 9. Be3 Be7 10. c3 O-O 11. Nbd2 Qd7 12. Nd4 Nxe5 13. Nxe6 Qxe6 14. Nxe4 Nc4 15. Bxc4 dxc4 16. Ng3 Bd6 17. Qf3 Qg6 18. Rad1 Rfe8 19. Nf5 Bf8 20. g3 Rad8 21. h4 h5 22. Bg5 Rxd1 23. Rxd1 Qe6 24. Nd4 Qe4 25. Qxe4 Rxe4 26. Be3 g6 27. Kg2 Bc5 28. Nc2 Bd6 29. Rd4 Re8 30. Rd5 Rb8 31. Nd4 Kf8 32. Nc6 Rb7 33. Bc5 Bxc5 34. Rxc5 Ke8 35. Re5+ Kd7 36. Nd4 Kd6 37. Re3 c5 38. Nf3 b4 39. Ne5 Kd5 40. Nf3 a5 41. a4 bxa3 42. bxa3 Rb3 43. a4 Ra3 44. Nd2 Rxa4 45. Re7 Ra3 46. Ra7 Rxc3 47. Rxa5 Rc2 48. Nf3 c3 49. Ra7 Rc1 50. Rd7+ Kc4 51. Ne5+ Kb3 52. Rb7+ Kc2 53. Rxf7 Re1 54. Nxg6 Kc1 55. Nf4 c4 56. Rc7 1-0


[Site "https://www.chess.com"]

[Event "Titled Tuesday Blitz August 09 Late 2022"]
[White "Galperin, Platon"]
[Black "Papasimakopoulos, Alexandros"]
[WhiteFideId "14165414"]
[BlackFideId "4244125"]
[WhiteElo "2435"]
[BlackElo "2357"]
[Result "1/2-1/2"]
[Round "09"]
[TimeControl "180+1"]
[Date "2022.08.09"]
[WhiteClock "0:00:10"]
[BlackClock "0:00:21"]

1. b3 e5 2. Bb2 d6 3. Nf3 g6 4. d4 Bg7 5. dxe5 Nd7 6. g3 Nh6 7. Bg2 O-O 8. O-O Ng4 9. c4 Ndxe5 10. Nc3 Rb8 11. Qd2 Nxf3+ 12. exf3 Nf6 13. Rfe1 Bd7 14. a4 Bc6 15. a5 a6 16. b4 Re8 17. b5 Bd7 18. f4 Be6 19. Qd3 Nd7 20. Na4 Bxb2 21. Nxb2 Nc5 22. Qc3 Qd7 23. Qb4 Bh3 24. Rad1 Bxg2 25. Kxg2 Rxe1 26. Rxe1 Re8 27. bxa6 bxa6 28. Rd1 Qc6+ 29. Rd5 Ne4 30. Nd1 Nf6 31. Nc3 Qa8 32. Qb2 Rb8 33. Qe2 Re8 34. Qf3 Kg7 35. g4 Nxd5 36. Nxd5 f6 37. Qc3 Rf8 38. g5 h6 39. Kg3 hxg5 40. fxg5 Qe8 41. f4 Qd8 42. Qb2 Rf7 43. h4 c6 44. Nxf6 Rxf6 45. gxf6+ Qxf6 46. Qb7+ Kh6 47. Qxc6 Qc3+ 48. Kg4 Qxa5 49. Qxd6 Qf5+ 50. Kg3 a5 51. Qd5 a4 52. Qd4 Kh7 53. Qa7+ Kh6 54. Qxa4 Qd3+ 55. Kf2 Qd2+ 56. Kg3 Qe3+ 57. Kg4 Qe2+ 58. Kg3 Qe3+ 59. Kg2 Qe2+ 60. Kh3 Qf3+ 61. Kh2 Qf2+ 62. Kh1 Qf1+ 63. Kh2 Qf2+ 64. Kh3 Qf3+ 65. Kh2 Qf2+ 1/2-1/2


[Site "https://www.chess.com"]

[Event "Titled Tuesday Blitz August 09 Late 2022"]
[White "Grischuk, Alexander"]
[Black "Hafiz, Arif Abdul"]
[WhiteFideId "4126025"]
[BlackFideId "7104227"]
[WhiteElo "2762"]
[BlackElo "2198"]
[Result "1-0"]
[Round "09"]
[TimeControl "180+1"]
[Date "2022.08.09"]
[WhiteClock "0:00:37"]
[BlackClock "0:00:02"]

1. e4 e5 2. Nf3 Nc6 3. Bb5 Nf6 4. d3 Bc5 5. Bxc6 dxc6 6. Nbd2 Be6 7. O-O Nd7 8. Nb3 Bb6 9. Ng5 Qe7 10. Kh1 Bxb3 11. axb3 f6 12. Nf3 Nc5 13. Nd2 Ne6 14. Nc4 O-O 15. Bd2 Bc5 16. Bc3 b5 17. Na5 Qd7 18. Qg4 Bb6 19. b4 Rad8 20. Nb3 Qf7 21. h3 Nf4 22. Kh2 Nxd3 23. Na5 Bxa5 24. Rxa5 Nf4 25. Rxa7 Rd7 26. Rfa1 h5 27. Qf3 Qe6 28. Rd1 Rfd8 29. Rxd7 Rxd7 30. b3 Kh7 31. Bb2 Rd2 32. Bc1 Rd8 33. Bxf4 exf4 34. Qxf4 Rd7 35. f3 Qe5 36. Qxe5 fxe5 37. Ra6 Rd6 38. h4 Kg6 39. Kg3 Kf6 40. c4 g6 41. c5 Re6 42. Ra8 Re7 43. Rd8 Ke6 44. Kf2 Rd7 45. Rxd7 Kxd7 46. g3 Ke6 47. f4 Kf6 48. Kf3 Ke6 49. fxe5 Kxe5 50. Ke3 Kf6 51. Kf4 Ke6 52. Kg5 1-0


[Site "https://www.chess.com"]

[Event "Titled Tuesday Blitz August 09 Late 2022"]
[White "Guz, Ari"]
[Black "Miszler, Levente"]
[WhiteFideId "2825759"]
[BlackFideId "763276"]
[WhiteElo "1913"]
[BlackElo "1966"]
[Result "1-0"]
[Round "09"]
[TimeControl "180+1"]
[Date "2022.08.09"]
[WhiteClock "0:00:29"]
[BlackClock "0:00:10"]

1. h3 d5 2. a3 g6 3. h4 h5 4. c3 Bg7 5. d4 Nc6 6. g3 e5 7. dxe5 Nxe5 8. Bg2 c6 9. Nf3 Nxf3+ 10. Bxf3 Nf6 11. Bg5 O-O 12. Nd2 Re8 13. O-O Bh3 14. Bg2 Qd7 15. Nf3 Bxg2 16. Kxg2 Ne4 17. Be3 Nxg3 18. Kxg3 Qg4+ 19. Kh2 Be5+ 20. Nxe5 Qxh4+ 21. Kg2 Rxe5 22. Rh1 Qg4+ 23. Kf1 Rae8 24. Qd3 Rf5 25. Ke1 b6 26. Kd2 c5 27. Rag1 Qe4 28. Qxe4 Rxe4 29. Kd3 Re6 30. Rg5 Rxe3+ 31. Kxe3 Rxg5 32. f4 Rg4 33. Kf3 f5 34. Rd1 h4 35. Rxd5 h3 36. Rd1 Kf7 37. e4 h2 38. Rh1 Rg1 39. Rxh2 fxe4+ 40. Kxe4 Kf6 41. Rh7 Rb1 42. b4 a5 43. Rb7 cxb4 44. Rxb6+ Kf7 45. cxb4 axb4 46. Rxb4 Ra1 47. a4 Ra2 48. Kf3 Ra3+ 49. Kg4 Kg7 50. Kg5 Ra1 51. Rb7+ Kg8 52. Kxg6 Kf8 53. Ra7 Rg1+ 54. Kf6 Ra1 55. Ra8# 1-0


[Site "https://www.chess.com"]

[Event "Titled Tuesday Blitz August 09 Late 2022"]
[White "Harvey, Marcus R"]
[Black "Deviprasath, Sharvesh"]
[WhiteFideId "400092"]
[BlackFideId "30938228"]
[WhiteElo "2485"]
[BlackElo "2102"]
[Result "0-1"]
[Round "09"]
[TimeControl "180+1"]
[Date "2022.08.09"]
[WhiteClock "0:00:02"]
[BlackClock "0:01:16"]

1. Nf3 Nf6 2. b3 g6 3. Bb2 Bg7 4. g3 O-O 5. Bg2 d6 6. d4 a5 7. O-O a4 8. Re1 axb3 9. axb3 Rxa1 10. Bxa1 Nbd7 11. e4 e5 12. dxe5 Ng4 13. Nbd2 Ngxe5 14. Nxe5 Nxe5 15. f4 Nc6 16. Bxg7 Kxg7 17. Nc4 Be6 18. Qa1+ Qf6 19. e5 dxe5 20. Nxe5 Nxe5 21. fxe5 Qe7 22. Qc3 c6 23. Rd1 Rd8 24. Rd6 Kf8 25. Qd4 Ra8 26. h4 Kg7 27. Be4 Ra2 28. Rd8 Ra1+ 29. Kh2 Qa3 30. Qd6 Qxd6 31. exd6 f5 32. d7 Kh6 33. Bd3 Bd5 34. g4 f4 35. g5+ Kh5 36. Bxg6+ Kxh4 37. Be4 Bxe4 38. g6 Rh1# 0-1


[Site "https://www.chess.com"]

[Event "Titled Tuesday Blitz August 09 Late 2022"]
[White "Hilby, Craig"]
[Black "Rustemov, Alexander"]
[WhiteFideId "2062674"]
[BlackFideId "4119002"]
[WhiteElo "2403"]
[BlackElo "2772"]
[Result "0-1"]
[Round "09"]
[TimeControl "180+1"]
[Date "2022.08.09"]
[WhiteClock "0:01:33"]
[BlackClock "0:01:55"]

1. d4 g6 2. e4 Bg7 3. Nc3 d6 4. f4 Nf6 5. Nf3 c5 6. Bb5+ Bd7 7. e5 Ng4 8. Bxd7+ Qxd7 9. h3 cxd4 10. Qxd4 Nh6 11. g4 Nc6 12. Qe4 O-O 13. Bd2 dxe5 14. fxe5 f5 15. Qc4+ e6 16. O-O-O Nf7 17. gxf5 Nfxe5 18. Nxe5 Nxe5 19. Qxe6+ Qxe6 20. fxe6 Rae8 21. Nd5 Rxe6 22. Bc3 Nf3 23. Nc7 Re7 24. Bb4 Rxc7 0-1


[Site "https://www.chess.com"]

[Event "Titled Tuesday Blitz August 09 Late 2022"]
[White "Jeet, Jain"]
[Black "Matsuura, Frederico"]
[WhiteFideId "5073022"]
[BlackFideId "2107848"]
[WhiteElo "2055"]
[BlackElo "2302"]
[Result "1/2-1/2"]
[Round "09"]
[TimeControl "180+1"]
[Date "2022.08.09"]
[WhiteClock "0:01:38"]
[BlackClock "0:00:24"]

1. e4 e6 2. f4 d5 3. e5 c5 4. d3 Nc6 5. c4 dxc4 6. dxc4 Qxd1+ 7. Kxd1 b6 8. Nf3 Bb7 9. a3 O-O-O+ 10. Kc2 Nge7 11. Bd3 h6 12. Be3 Nf5 13. Bxf5 exf5 14. Nc3 Nd4+ 15. Bxd4 cxd4 16. Na2 Bxf3 17. gxf3 Be7 18. Nb4 Bxb4 19. axb4 Kb7 20. b5 g5 21. Kd3 gxf4 22. b4 Rc8 23. Ra2 Rhe8 24. Rha1 Ra8 25. Kxd4 Rad8+ 26. Kc3 Ra8 27. Re1 Rad8 28. c5 Rd5 29. Rea1 Ra8 30. Kc4 Rxe5 31. Ra6 Re3 32. cxb6 Rc8+ 33. Kd4 Rd8+ 34. Kc4 Rc8+ 35. Kd5 Rd8+ 36. Kc4 Rc8+ 1/2-1/2


[Site "https://www.chess.com"]

[Event "Titled Tuesday Blitz August 09 Late 2022"]
[White "Korchmar, Vasiliy"]
[Black "D`Arruda, Ricardo D."]
[WhiteFideId "24131750"]
[BlackFideId "100692"]
[WhiteElo "2370"]
[BlackElo "2479"]
[Result "1-0"]
[Round "09"]
[TimeControl "180+1"]
[Date "2022.08.09"]
[WhiteClock "0:00:39"]
[BlackClock "0:00:39"]

1. e4 c5 2. Nf3 Nc6 3. d4 cxd4 4. Nxd4 e5 5. Nb5 a6 6. Nd6+ Bxd6 7. Qxd6 Qe7 8. Qd1 Nf6 9. Nc3 d6 10. Bc4 Be6 11. Bb3 O-O 12. Bg5 h6 13. Bh4 Rfd8 14. O-O g5 15. Bg3 Rac8 16. h4 Kg7 17. Nd5 Bxd5 18. exd5 Nd4 19. c3 Nxb3 20. axb3 Ne4 21. Qg4 Nxg3 22. fxg3 f6 23. Rf5 Rf8 24. Raf1 Rc5 25. c4 b5 26. Kh2 a5 27. Ra1 bxc4 28. bxc4 Rb8 29. Raf1 Rf8 30. R1f3 Rf7 31. Rb3 Qc7 32. Rc3 Qb6 33. Rcf3 Qd8 34. b3 Rcc7 35. Rf2 Rb7 36. R5f3 Qe7 37. h5 Rf8 38. Qe4 Qf7 39. g4 Qe7 40. Qg6+ Kh8 41. Qxh6+ Kg8 42. Rxf6 1-0


[Site "https://www.chess.com"]

[Event "Titled Tuesday Blitz August 09 Late 2022"]
[White "Leiva, Gianmarco"]
[Black "Navarrete Mendez, Gonzalo Alberto"]
[WhiteFideId "3804399"]
[BlackFideId "5106850"]
[WhiteElo "2323"]
[BlackElo "2261"]
[Result "1-0"]
[Round "09"]
[TimeControl "180+1"]
[Date "2022.08.09"]
[WhiteClock "0:02:18"]
[BlackClock "0:00:15"]

1. e4 e5 2. Nf3 Nc6 3. Bc4 Nf6 4. d3 Be7 5. O-O O-O 6. a4 d6 7. a5 a6 8. Nc3 Kh8 9. Nd5 Nxd5 10. Bxd5 Bg4 11. h3 Bh5 12. c3 Qc8 13. Be3 f5 14. exf5 Qxf5 15. g4 Bxg4 16. hxg4 Qxg4+ 17. Kh1 Nd8 18. Nh2 Qg6 19. Be4 Qf7 20. d4 d5 21. Bg2 e4 22. f3 exf3 23. Qxf3 Qxf3 24. Nxf3 c6 25. Ne5 Ne6 26. Bh3 Ng5 27. Bxg5 Bxg5 28. Nf7+ Rxf7 29. Rxf7 1-0


[Site "https://www.chess.com"]

[Event "Titled Tuesday Blitz August 09 Late 2022"]
[White "Livaic, Leon"]
[Black "Bilych, Olexiy"]
[WhiteFideId "14531534"]
[BlackFideId "14156504"]
[WhiteElo "2540"]
[BlackElo "2157"]
[Result "1/2-1/2"]
[Round "09"]
[TimeControl "180+1"]
[Date "2022.08.09"]
[WhiteClock "0:00:08"]
[BlackClock "0:00:11"]

1. e4 e5 2. f4 exf4 3. Nf3 g5 4. d4 g4 5. Bxf4 gxf3 6. Qxf3 Nc6 7. c3 d6 8. Bc4 Qh4+ 9. Bg3 Qf6 10. Qe2 Qg6 11. O-O Nh6 12. Bb5 Bd7 13. d5 Ne5 14. Bxe5 dxe5 15. Bxd7+ Kxd7 16. Qb5+ Kd8 17. Kh1 Bd6 18. Nd2 Rg8 19. g3 Ng4 20. Qe2 Ke7 21. Nf3 Nf6 22. Nh4 Qxe4+ 23. Qxe4 Nxe4 24. Rae1 Nc5 25. Nf5+ Ke8 26. b4 Nd7 27. a3 f6 28. c4 b6 29. Nd4 a5 30. Nb5 axb4 31. axb4 Ke7 32. Nd4 Kf7 33. Nc6 Bxb4 34. Nxb4 Ra4 35. Nc6 Re8 36. Re4 h5 37. Rh4 Kg6 38. g4 Rh8 39. gxh5+ Rxh5 40. Ne7+ Kh6 41. Ng8+ Kg6 42. Ne7+ Kg5 43. Re4 Rh4 44. Rg1+ Kh5 45. Rxh4+ Kxh4 46. Nf5+ Kh5 47. Rg7 Nc5 48. Ng3+ Kh4 49. Nf5+ Kh5 50. Rxc7 Rxc4 51. d6 Rc1+ 52. Kg2 Rd1 53. Rg7 e4 54. Kf2 Rd2+ 55. Ke3 Rd3+ 56. Ke2 b5 57. Ng3+ Kh6 58. Nf5+ Kh5 59. h4 Rd5 60. Ng3+ Kxh4 61. Rc7 b4 62. Nxe4 Nxe4 63. d7 f5 64. Rc4 Rxd7 65. Rxb4 Kg4 66. Ke3 Re7 67. Rb7 Ng5+ 68. Rxe7 f4+ 69. Kf2 Nh3+ 70. Kg2 f3+ 71. Kh2 Nf4 72. Rg7+ Kh4 73. Kg1 Nh3+ 74. Kf1 f2 75. Kg2 Nf4+ 76. Kxf2 Nh5 77. Rg1 Nf6 78. Kf3 Nh5 79. Rg4+ Kh3 80. Rg6 Kh4 81. Rg4+ Kh3 82. Rb4 Nf6 83. Rd4 Nh5 84. Rd1 Kh4 85. Rg1 Nf6 86. Rh1+ Kg5 87. Kg3 Nh5+ 88. Kf3 Nf6 89. Rg1+ Kf5 90. Rb1 Kg5 91. Rb5+ Kh4 92. Kf4 Nh5+ 93. Kf5 Ng3+ 94. Ke5 Nh5 95. Rb4+ Kg5 96. Ke4 Nf6+ 97. Kf3 Kf5 98. Rb5+ Ke6 99. Kf4 Nd5+ 100. Ke4 Nc3+ 101. Kd4 Nxb5+ 1/2-1/2


[Site "https://www.chess.com"]

[Event "Titled Tuesday Blitz August 09 Late 2022"]
[White "Lobanov, Sergei"]
[Black "Alekseenko, Kirill"]
[WhiteFideId "24183750"]
[BlackFideId "4135539"]
[WhiteElo "2524"]
[BlackElo "2682"]
[Result "1-0"]
[Round "09"]
[TimeControl "180+1"]
[Date "2022.08.09"]
[WhiteClock "0:00:10"]
[BlackClock "0:00:03"]

1. Nf3 d5 2. e3 Bg4 3. c4 dxc4 4. Bxc4 e6 5. O-O Nf6 6. b3 a6 7. Bb2 Nc6 8. d4 Bd6 9. Nbd2 O-O 10. Be2 Qe7 11. h3 Bh5 12. Ne5 Bxe2 13. Qxe2 Bxe5 14. dxe5 Nd5 15. f4 Rfd8 16. Ne4 Ndb4 17. Rf3 Nd3 18. Bc3 Kh8 19. Rg3 Nc5 20. Qg4 Rg8 21. Ng5 h6 22. Qh5 Rgf8 23. Rf1 Kg8 24. f5 exf5 25. Rxf5 Ne6 26. Ne4 Rfd8 27. Qxh6 Qa3 28. Rxg7+ Nxg7 29. Rg5 Kf8 30. Rxg7 Ke7 31. e6 Rf8 32. Qf6+ Ke8 33. Rxf7 Rd8 34. Qg7 Qc1+ 35. Kh2 Qxe3 36. Nf6# 1-0


[Site "https://www.chess.com"]

[Event "Titled Tuesday Blitz August 09 Late 2022"]
[White "Mahdavi, Reza"]
[Black "Chigaev, Maksim"]
[WhiteFideId "12595926"]
[BlackFideId "4108116"]
[WhiteElo "2226"]
[BlackElo "2487"]
[Result "0-1"]
[Round "09"]
[TimeControl "180+1"]
[Date "2022.08.09"]
[WhiteClock "0:00:03"]
[BlackClock "0:00:05"]

1. e4 c5 2. d4 cxd4 3. c3 d5 4. exd5 Nf6 5. Nf3 Nxd5 6. Bc4 e6 7. O-O Bc5 8. cxd4 Be7 9. Nc3 Nxc3 10. bxc3 O-O 11. Re1 Nd7 12. Bd3 Nf6 13. Rb1 b6 14. Ne5 Bb7 15. a4 Rc8 16. Bd2 Qd5 17. f3 Bd6 18. Rb5 Qa2 19. Bb1 Qa3 20. Qc2 g6 21. c4 Nd5 22. Qd3 Qxd3 23. Bxd3 Ne7 24. a5 Ba6 25. Rb2 Bxe5 26. dxe5 Bxc4 27. Bxc4 Rxc4 28. axb6 axb6 29. Rxb6 Nd5 30. Rbb1 Kg7 31. Rec1 Rfc8 32. Rxc4 Rxc4 33. Rc1 Rd4 34. Rc2 h6 35. Kf2 g5 36. Ra2 Rc4 37. Ke2 Ne7 38. Kd3 Rh4 39. h3 Ng6 40. Ra5 Kg8 41. Kc3 Kg7 42. Be1 Rf4 43. Bg3 Rf5 44. Kd4 h5 45. Bh2 g4 46. hxg4 hxg4 47. Ke4 Rh5 48. Bg3 gxf3 49. gxf3 Ne7 50. Ra2 Nf5 51. Bf4 Rh4 52. Rg2+ Kf8 53. Rg4 Rh1 54. Bd2 Rb1 55. Kd3 Rb5 56. Bc3 Ke8 57. Kc4 Rd5 58. Re4 Rd7 59. Be1 Rc7+ 60. Kd3 Kd7 61. Bc3 Rb7 62. Kd2 Rb8 63. Kd3 Rg8 64. Ra4 Rg3 65. Ke4 Rh3 66. Ra7+ Ke8 67. Ra8+ Ke7 68. Bb4+ Kd7 69. Ra7+ Kc6 70. Rxf7 Rh4+ 71. f4 Rh3 72. Bd2 Rh2 73. Kd3 Rg2 74. Ra7 Rg3+ 75. Ke4 Rg2 76. Ra6+ Kd7 77. Ra7+ Ke8 78. Kd3 Rg3+ 79. Ke4 Rg2 80. Kd3 Rf2 81. Rb7 Kf8 82. Ra7 Kg8 83. Rb7 Rh2 84. Ra7 Rh3+ 85. Ke4 Ng3+ 86. Kd4 Nf5+ 87. Ke4 Rb3 88. Rc7 Kf8 89. Ra7 Ke8 90. Rc7 Rb5 91. Ra7 Ne7 92. Be3 Rb4+ 93. Kd3 Nd5 94. Ra8+ Kd7 95. Ra7+ Ke8 96. Bd2 Rb2 97. Rh7 Kf8 98. Ra7 Ke8 99. Rh7 Ra2 100. Rb7 Ra4 101. Rb5 Kd7 102. f5 Kc6 103. Rb1 exf5 104. Rc1+ Kd7 105. Rb1 Ke6 106. Re1 f4 107. Rf1 Kf5 108. Re1 Ra3+ 109. Kd4 Nc7 110. Bxf4 Ne6+ 111. Kd5 Ra5+ 112. Kd6 Ra6+ 113. Kd5 Nxf4+ 114. Kd4 Ra4+ 115. Kc3 Ne6 116. Rf1+ Ke4 117. Re1+ Kd5 118. Rd1+ Kc5 119. Re1 Ra3+ 120. Kb2 Rh3 121. Kc2 Nd4+ 122. Kb2 Rb3+ 123. Ka2 Rb6 124. Rc1+ Kd5 125. Re1 Ne6 126. Rd1+ Kc5 127. Rc1+ Kd4 128. Rd1+ Kxe5 129. Re1+ Kd5 130. Rd1+ Nd4 131. Rd2 Kc4 132. Rd1 Kc3 133. Rh1 Ra6+ 134. Kb1 Rf6 135. Rh3+ Nf3 136. Kc1 Rf5 137. Kd1 Kd3 138. Kc1 Rc5+ 139. Kb2 Rb5+ 140. Kc1 Rf5 141. Kb2 Ke3 142. Kb3 Rc5 143. Rh8 Nd4+ 144. Kb4 Rc7 145. Re8+ Kd3 146. Rd8 Rc4+ 147. Ka3 Kc3 148. Ra8 Nc2+ 149. Ka2 Nb4+ 150. Ka3 Rc5 151. Ka4 Nd5 152. Ka3 Nb6 153. Ra7 Nc4+ 154. Ka4 Rd5 155. Ra8 Nb6+ 156. Ka3 Nxa8 0-1


[Site "https://www.chess.com"]

[Event "Titled Tuesday Blitz August 09 Late 2022"]
[White "Matinian, Nikita"]
[Black "Shimanov, Aleksandr"]
[WhiteFideId "24129100"]
[BlackFideId "4198603"]
[WhiteElo "2422"]
[BlackElo "2605"]
[Result "0-1"]
[Round "09"]
[TimeControl "180+1"]
[Date "2022.08.09"]
[WhiteClock "0:00:03"]
[BlackClock "0:00:07"]

1. e4 d5 2. exd5 Qxd5 3. Nc3 Qe5+ 4. Qe2 Qxe2+ 5. Bxe2 Nf6 6. d4 c6 7. Nf3 Bf5 8. Bf4 e6 9. O-O-O Bb4 10. Ne5 h5 11. h3 h4 12. g4 hxg3 13. fxg3 Nbd7 14. g4 Bh7 15. Nxd7 Nxd7 16. h4 O-O-O 17. h5 f6 18. Bc4 Rhe8 19. Rde1 Bg8 20. a3 Bf8 21. Bd3 Bf7 22. Bg6 Bxg6 23. hxg6 e5 24. dxe5 fxe5 25. Bg5 Be7 26. Ne4 Bxg5+ 27. Nxg5 Re7 28. Nf7 Rg8 29. g5 Kc7 30. Rh7 Nf8 31. Rxe5 Rxe5 32. Nxe5 Kd6 33. Nf7+ Ke7 34. Ne5 Ke6 35. Nd3 Nxh7 36. gxh7 Rh8 37. g6 Kf5 38. Nc5 Kxg6 39. Nxb7 Rxh7 40. Na5 Kf5 41. Nxc6 g5 42. Kd2 Rh2+ 43. Ke3 g4 44. Nd4+ Kg5 45. b4 Rh3+ 46. Ke4 Rxa3 47. c4 g3 48. c5 g2 49. Ne2 Ra2 50. Ng1 Ra1 51. Nf3+ Kg4 52. c6 Rc1 53. b5 a6 54. bxa6 Rxc6 55. Ne5+ Kg3 56. Nxc6 g1=Q 57. a7 Qg2+ 58. Ke5 Qxc6 0-1


[Site "https://www.chess.com"]

[Event "Titled Tuesday Blitz August 09 Late 2022"]
[White "McBryde, Lamel"]
[Black "Gubajdullin, Alexei"]
[WhiteFideId "2058596"]
[BlackFideId "4141202"]
[WhiteElo "2136"]
[BlackElo "2214"]
[Result "1/2-1/2"]
[Round "09"]
[TimeControl "180+1"]
[Date "2022.08.09"]
[WhiteClock "0:00:19"]
[BlackClock "0:00:51"]

1. Nf3 Nf6 2. b3 g6 3. Bb2 Bg7 4. c4 O-O 5. d3 Nc6 6. Nbd2 d6 7. e3 a5 8. a3 e5 9. Be2 Ng4 10. Qc2 f5 11. h3 Nh6 12. O-O-O f4 13. d4 fxe3 14. fxe3 Nf5 15. Nf1 exd4 16. exd4 Re8 17. d5 Bxb2+ 18. Qxb2 Ne5 19. g4 Nxf3 20. Bxf3 Ne3 21. Re1 Nxf1 22. Rhxf1 Rxe1+ 23. Rxe1 Qg5+ 24. Kb1 Bd7 25. Qd4 Rf8 26. Bd1 Qf6 27. Qxf6 Rxf6 28. Re7 Rf7 29. Rxf7 Kxf7 30. Kc2 Kf6 31. Kd3 Ke5 32. Ke3 g5 33. Bc2 h6 34. b4 b6 35. Be4 Ba4 36. Bd3 Bb3 37. Be2 Bc2 38. Bf3 Bb3 39. Be2 Bc2 40. Bf3 Bg6 41. Bg2 Bc2 42. Bf3 1/2-1/2


[Site "https://www.chess.com"]

[Event "Titled Tuesday Blitz August 09 Late 2022"]
[White "Mcconnell, Sullivan"]
[Black "Pakleza, Zbigniew"]
[WhiteFideId "30934885"]
[BlackFideId "1119290"]
[WhiteElo "2630"]
[BlackElo "2411"]
[Result "0-1"]
[Round "09"]
[TimeControl "180+1"]
[Date "2022.08.09"]
[WhiteClock "0:00:39"]
[BlackClock "0:00:12"]

1. e4 d6 2. d4 Nf6 3. Nc3 c6 4. f4 Qb6 5. Nf3 Bg4 6. Be2 Bxf3 7. Bxf3 e5 8. Ne2 Nbd7 9. c3 Be7 10. O-O O-O 11. Qb3 Rfe8 12. Be3 Bf8 13. Bf2 Qxb3 14. axb3 exd4 15. Bxd4 Nxe4 16. Bxe4 Rxe4 17. Ng3 Ree8 18. b4 c5 19. bxc5 dxc5 20. Bf2 a6 21. Rfd1 Rad8 22. Kf1 g6 23. Ra3 Nf6 24. Rxd8 Rxd8 25. Rb3 Rd7 26. h3 c4 27. Rb6 Nd5 28. Ne4 Nxb6 29. Nf6+ Kg7 30. Ne8+ Kh8 31. Bxb6 Bg7 32. Bc5 Rd2 33. Ba3 Bf8 34. Bxf8 Rd8 35. Nd6 Rxf8 36. Nxc4 Re8 37. Nd6 Re7 38. Kf2 f5 39. Nc8 Rd7 40. Ke2 Kg7 41. Nb6 Re7+ 42. Kd2 h6 43. h4 g5 44. hxg5 hxg5 45. fxg5 Kg6 46. Nc4 Kxg5 47. Ne3 f4 48. Nd5 Re5 49. c4 Kg4 50. Kd3 Kg3 51. Kd4 Re2 52. b4 Rxg2 53. Ke4 f3 54. Ke3 Re2+ 55. Kd3 Re8 0-1


[Site "https://www.chess.com"]

[Event "Titled Tuesday Blitz August 09 Late 2022"]
[White "Nakamura, Hikaru"]
[Black "Andreikin, Dmitry"]
[WhiteFideId "2016192"]
[BlackFideId "4158814"]
[WhiteElo "2850"]
[BlackElo "2736"]
[Result "0-1"]
[Round "09"]
[TimeControl "180+1"]
[Date "2022.08.09"]
[WhiteClock "0:00:18"]
[BlackClock "0:00:29"]

1. Nf3 d5 2. e3 Nf6 3. c4 e6 4. Nc3 a6 5. b3 c5 6. cxd5 exd5 7. d4 cxd4 8. Nxd4 Bb4 9. Bd2 O-O 10. Bd3 Bg4 11. f3 Bh5 12. Nce2 Bd6 13. O-O Nc6 14. Rc1 Nxd4 15. Nxd4 Re8 16. Re1 Ne4 17. Re2 Nxd2 18. Qxd2 Qh4 19. g3 Qf6 20. Rf2 Bg6 21. Bxg6 hxg6 22. Qd3 Re7 23. Rfc2 Kh7 24. Rc8 Rxc8 25. Rxc8 Be5 26. Kf2 Rc7 27. Rxc7 Bxc7 28. f4 Bb6 29. Nf3 Qe7 30. h4 Kg8 31. Qc3 Qd7 32. Qd3 Qe6 33. Ng5 Qe7 34. Qc3 Qd7 35. Qe5 d4 36. e4 d3+ 37. Ke1 Qc8 38. Qb2 Be3 39. Nf3 Qc2 0-1


[Site "https://www.chess.com"]

[Event "Titled Tuesday Blitz August 09 Late 2022"]
[White "Naroditsky, Daniel"]
[Black "Yanchenko, Roman"]
[WhiteFideId "2026961"]
[BlackFideId "4137329"]
[WhiteElo "2628"]
[BlackElo "2514"]
[Result "1-0"]
[Round "09"]
[TimeControl "180+1"]
[Date "2022.08.09"]
[WhiteClock "0:00:05"]
[BlackClock "0:00:06"]

1. d4 d5 2. Nc3 Nf6 3. Bf4 c6 4. e3 Bf5 5. Nf3 e6 6. Ne5 h5 7. Bd3 Bxd3 8. cxd3 Nbd7 9. Qb3 Qb6 10. Qc2 Nxe5 11. Bxe5 Be7 12. h3 a6 13. O-O Rc8 14. Qe2 Qd8 15. a3 Bd6 16. Bxd6 Qxd6 17. b4 e5 18. dxe5 Qxe5 19. d4 Qf5 20. f3 O-O 21. e4 Qf4 22. Qf2 dxe4 23. fxe4 Qxf2+ 24. Rxf2 Rcd8 25. Rd1 Rfe8 26. e5 Nd7 27. Rdf1 f6 28. Ne4 fxe5 29. Nd6 Re7 30. Nxb7 Rb8 31. Na5 Rc8 32. Rc2 exd4 33. Nxc6 Kh7 34. Nxd4 Rxc2 35. Nxc2 Nf6 36. Nd4 Re4 37. Nb3 Rc4 38. Nd2 Rc2 39. Nf3 Kh6 40. Re1 Rc3 41. Ra1 Ne4 42. Nd4 h4 43. Ne6 Rc2 44. Re1 Ng3 45. Ra1 Rb2 46. Nc5 a5 47. bxa5 Rb5 48. Ne6 Rxa5 49. a4 g5 50. Nd4 Ra6 51. a5 Kh5 52. Nb3 g4 53. Nc5 Ra7 54. a6 Ne2+ 55. Kf2 Nf4 56. hxg4+ Kxg4 57. Ra4 Kg5 58. Ra3 Nd5 59. Rd3 Nb4 60. Rd6 Rf7+ 61. Kg1 Ra7 62. Rb6 Nd5 63. Rb7 Ra8 64. a7 Kf4 65. Nb3 Ke5 66. Na5 Kd6 67. Rh7 Kc5 68. Nb3+ Kb6 69. Rh5 Nc3 70. Rxh4 Rxa7 71. Rb4+ Kc6 72. Rc4+ Kd5 73. Rxc3 Ke4 74. Rf3 Rc7 75. Nd2+ Ke5 76. Kf2 Rc2 77. Ke3 Ra2 78. g4 Ra3+ 79. Kf2 Ra4 80. Kg3 Ke6 81. Nf1 Ra1 82. Ne3 Ke7 83. g5 Ra5 84. Kg4 Ra4+ 85. Kh5 Ra3 86. Nd5+ Kd6 87. Rxa3 1-0


[Site "https://www.chess.com"]

[Event "Titled Tuesday Blitz August 09 Late 2022"]
[White "Paravyan, David"]
[Black "Tanenbaum, Zachary"]
[WhiteFideId "4194985"]
[BlackFideId "2060850"]
[WhiteElo "2569"]
[BlackElo "2175"]
[Result "1-0"]
[Round "09"]
[TimeControl "180+1"]
[Date "2022.08.09"]
[WhiteClock "0:02:13"]
[BlackClock "0:00:29"]

1. e4 e5 2. Nf3 Nc6 3. Nc3 Nf6 4. d4 exd4 5. Nxd4 Bb4 6. Nxc6 bxc6 7. Bd3 d5 8. exd5 O-O 9. O-O cxd5 10. Bg5 c6 11. Qf3 Bd6 12. Rae1 Rb8 13. Nd1 h6 14. Bxf6 Qxf6 15. Qxf6 gxf6 16. b3 Bd7 17. Ne3 Rfe8 18. Nf5 Bxf5 19. Bxf5 c5 20. Bd7 Re5 21. Bc6 Rd8 22. Rxe5 Bxe5 23. Rd1 d4 24. Bb5 Kf8 25. Rd3 Bc7 26. Rh3 Kg7 27. Rh5 Bb6 28. Bd3 Re8 29. Kf1 Re5 30. Rh4 Ba5 31. g3 Bd2 32. f4 Re3 33. Rh5 Bb4 34. Rd5 Re7 35. Rd8 Ba5 36. Rd5 Bb4 37. Kf2 Kf8 38. Kf3 Re3+ 39. Kg4 Re6 40. Kh5 Kg7 41. Rd7 a5 42. Bc4 Re1 43. Rxf7+ Kh8 44. Kg6 Re8 45. Rh7# 1-0


[Site "https://www.chess.com"]